 Dungeon Crawl Stone Soup version 0.31.0-9-g3a7656b989 (webtiles) character file.

Game seed: 8925303339685466089

504 qw the Skirmisher (level 6, -3/35 HPs)
             Began as a Deep Elf Hunter on Feb 2, 2024.
             Incinerated by a bombardier beetle (4 damage)
             ... with a burning spray
             ... on level 5 of the Dungeon.
             The game lasted 00:00:13 (2950 turns).

qw the Skirmisher (Deep Elf Hunter)                 Turns: 2950, Time: 00:00:14

Health: -3/35      AC: 12    Str: 10    XL:     6   Next: 96%
Magic:  8/8        EV: 12    Int: 14    God:
Gold:   274        SH:  0    Dex: 18    Spells: 5/5 levels left

rFire   . . .        a - +2 shortbow
rCold   + . .        (shield currently unavailable)
rNeg    . . .        g - +0 ring mail of Lugonu's Felicitations {rC+ Stlth+}
rPois   .            n - +2 hat
rElec   .            d - +2 cloak
rCorr   .            (no gloves)
SInv    .            k - +1 pair of boots
Will    .....        (no amulet)
Stlth   +            (no ring)
HPRegen 0.25/turn    (no ring)
MPRegen 0.11/turn

%: no passive effects
@: lethally poisoned (-3 -> -5), on fire, glowing
A: no striking features
a: no special abilities


You were on level 5 of the Dungeon.
You visited 1 branch of the dungeon, and saw 5 of its levels.

You collected 300 gold pieces.
You spent 26 gold pieces at shops.


   Skills:
 - Level 2.0 Fighting
 + Level 9.9 Ranged Weapons
 - Level 1.0 Armour
 - Level 4.2 Dodging
 - Level 1.2 Stealth


You had 5 spell levels left.
You didn't know any spells.
Your spell library was empty.

Inventory:

Hand Weapons
 a - a +2 shortbow (weapon)
Armour
 d - a +2 cloak (worn)
 g - the +0 ring mail of Lugonu's Felicitations (worn) {rC+ Stlth+}
   (You found it on level 4 of the Dungeon)

   rC+:       It protects you from cold.
   Stlth+:    It makes you more stealthy.
 k - a +1 pair of boots (worn)
 n - a +2 hat (worn)
Wands
 l - a wand of flame (13)
Potions
 f - a potion of might
 h - 3 potions of curing
 j - a potion of mutation
 m - a potion of enlightenment {unknown}

Dungeon Overview and Level Annotations

Branches:
Dungeon (5/15)
 Temple: D:4-7

Altars:
Qazlal

Shops:
D:3 *


Message History

The scorpion closely misses you.
You shoot an arrow. The arrow hits the bombardier beetle!
You kill the bombardier beetle!
The liquid fire burns you! The scorpion stings you.
You are poisoned.
The scorpion poisons you!
Your Armour skill increases to level 1!
You shoot an arrow.
The arrow hits the scorpion but does no damage.
The liquid fire burns you!
You feel sick.
The scorpion stings you but does no damage.
The scorpion closely misses you.
2946 ||| DRINKING potion of heal wounds.
You feel much better. The liquid fire burns you!
You feel sick.
The ogre shouts!
The scorpion barely misses you.
You shoot an arrow. The arrow hits the scorpion.
The scorpion is moderately wounded.
The liquid fire burns you!
You feel sick.
The scorpion stings you but does no damage.
You shoot an arrow. The arrow hits the scorpion.
The scorpion is heavily wounded.
The liquid fire burns you!
You feel sick.
The scorpion stings you but does no damage.
You shoot an arrow. The arrow hits the scorpion.
The scorpion is severely wounded.
The liquid fire burns you!
You feel sick.
The scorpion stings you but does no damage.
The scorpion stings you.
You shoot an arrow. The arrow hits the scorpion.
The scorpion is almost dead.
The liquid fire burns you!
You die...

##########
#........#
#..<.....#
#.=......#
######....$...#
#.............#
#...).........#
#.@s)..<....##
#...........#
#####..>..O.#
#..........
#...>...###
#(...$..#
#.......#
#........


You could see a scorpion.

Vanquished Creatures
  Edmund (D:4)
  An ogre (D:4)
  A bombardier beetle (D:5)
  A jelly (D:4)
  A hound (D:4)
  Natasha (thrice) (D:2)
  2 adders (D:2)
  3 gnolls (D:4)
  A ribbon worm (D:2)
  5 dart slugs (D:1)
  7 orcs
  3 bats (D:1)
  8 endoplasms
  5 giant cockroaches
  9 goblins
  8 hobgoblins
  5 quokkas
  2 ball pythons
  3 frilled lizards
  9 kobolds
  10 rats
88 creatures vanquished.

Notes
Turn   | Place    | Note
-------+----------+-------------------------------------------
     0 | D:1      | qw the Deep Elf Hunter began the quest for the Orb.
     0 | D:1      | Reached XP level 1. HP: 12/12 MP: 3/3
     0 | D:1      | 0 ||| qw: Version: 0.3-a-155-g5e7d8dd
     0 | D:1      | 0 ||| qw: Game counter: 2291
     0 | D:1      | 0 ||| qw: Melee chars always use a shield: true
     0 | D:1      | 0 ||| qw: God list: Okawaru
     0 | D:1      | 0 ||| qw: Allow faded altars: false
     0 | D:1      | 0 ||| qw: Do Orc after clearing Dungeon:15 true
     0 | D:1      | 0 ||| qw: Do second Lair branch before Depths: true
     0 | D:1      | 0 ||| qw: Lair rune preference: random
     0 | D:1      | 0 ||| qw: Goals: Normal
     0 | D:1      | 0 ||| PLANNING D:1-11
   208 | D:1      | Reached XP level 2. HP: 12/16 MP: 4/4
   223 | D:1      | Reached skill level 6 in Ranged Weapons
   538 | D:1      | Reached XP level 3. HP: 20/20 MP: 5/5
   915 | D:1      | 915 ||| UPGRADING to +1 pair of boots.
   920 | D:1      | 920 ||| DROPPING +6 ring of intelligence.
   921 | D:1      | 921 ||| READING scroll labelled DEICEOJEAC.
  1022 | D:1      | 1022 ||| READING scroll labelled BUEN SAUHIAHU.
  1023 | D:1      | 1023 ||| READING 2 scrolls labelled KIEGGA BEU.
  1023 | D:1      | 1023 ||| IDENTIFYING cyan potion
  1024 | D:1      | 1024 ||| READING scroll of identify.
  1024 | D:1      | 1024 ||| IDENTIFYING lumpy cyan potion
  1025 | D:1      | 1025 ||| READING scroll labelled DYEZ JERROSSA.
  1026 | D:1      | 1026 ||| DRINKING 2 brown potions.
  1027 | D:1      | 1027 ||| DROPPING scroll of butterflies.
  1057 | D:2      | Reached skill level 7 in Ranged Weapons
  1150 | D:2      | 1150 ||| FLEEEEING.
  1188 | D:2      | Reached XP level 4. HP: 25/25 MP: 6/6
  1255 | D:2      | Noticed Natasha
  1261 | D:2      | Killed Natasha
  1265 | D:2      | Reached skill level 8 in Ranged Weapons
  1309 | D:2      | Noticed Natasha
  1310 | D:2      | 1310 ||| FLEEEEING.
  1311 | D:2      | 1311 ||| FLEEEEING.
  1312 | D:2      | 1312 ||| FLEEEEING.
  1322 | D:2      | Killed Natasha
  1496 | D:2      | Noticed Natasha
  1502 | D:2      | Killed Natasha
  1503 | D:2      | Reached XP level 5. HP: 29/29 MP: 7/7
  1641 | D:2      | 1641 ||| UPGRADING to +2 cloak.
  1646 | D:2      | 1646 ||| READING scroll labelled YCWANI UNTE.
  1646 | D:2      | 1646 ||| ENCHANTING +0 shortbow.
  1647 | D:2      | 1647 ||| READING 3 scrolls labelled TEUTRU ZANG.
  1648 | D:2      | 1648 ||| READING scroll labelled VOICAA BAMESOT.
  1651 | D:2      | 1651 ||| DROPPING 2 scrolls of noise.
  1699 | D:3      | Found Eqybb's General Store.
  1709 | D:3      | 1709 ||| BUYING scroll of identify (26 gold).
  1709 | D:3      | Bought a scroll of identify for 26 gold pieces
  1748 | D:3      | Found a stormy altar of Qazlal.
  2202 | D:3      | 2202 ||| READING scroll of enchant weapon.
  2202 | D:3      | 2202 ||| ENCHANTING +1 shortbow.
  2212 | D:3      | 2212 ||| READING 4 scrolls of identify.
  2212 | D:3      | 2212 ||| IDENTIFYING murky dark potion
  2213 | D:3      | 2213 ||| READING 3 scrolls of identify.
  2213 | D:3      | 2213 ||| IDENTIFYING 2 fizzy dark potions
  2214 | D:3      | 2214 ||| READING 2 scrolls of identify.
  2214 | D:3      | 2214 ||| IDENTIFYING scroll labelled IRCHO RO SI VIE
  2215 | D:3      | 2215 ||| DROPPING scroll of torment.
  2216 | D:3      | 2216 ||| DROPPING 2 potions of degeneration.
  2217 | D:3      | 2217 ||| DROPPING potion of ambrosia.
  2264 | D:4      | Identified the +0 ring mail of Lugonu's Felicitations {rC+
                  | Stlth+}
  2288 | D:4      | Noticed Edmund
  2290 | D:4      | 2290 ||| ZAPPING wand of paralysis (8) at 2,4 (Edmund;
                  | floor).
  2291 | D:4      | 2291 ||| RETREEEEATING.
  2292 | D:4      | 2292 ||| RETREEEEATING.
  2293 | D:4      | 2293 ||| ZAPPING wand of paralysis (7) at 1,3 (Edmund;
                  | floor).
  2298 | D:4      | Reached skill level 9 in Ranged Weapons
  2308 | D:4      | 2308 ||| ZAPPING wand of paralysis (6) at 0,2 (Edmund;
                  | floor).
  2309 | D:4      | 2309 ||| ZAPPING wand of paralysis (5) at 0,1 (Edmund;
                  | floor).
  2310 | D:4      | 2310 ||| ZAPPING wand of paralysis (4) at 0,1 (Edmund;
                  | floor).
  2311 | D:4      | 2311 ||| ZAPPING wand of paralysis (3) at 0,1 (Edmund;
                  | floor).
  2312 | D:4      | 2312 ||| ZAPPING wand of paralysis (2) at 0,1 (Edmund;
                  | floor).
  2313 | D:4      | 2313 ||| ZAPPING wand of paralysis (1) at 0,1 (Edmund;
                  | floor).
  2314 | D:4      | 2314 ||| FLEEEEING.
  2315 | D:4      | 2315 ||| FLEEEEING.
  2316 | D:4      | 2316 ||| FLEEEEING.
  2317 | D:4      | 2317 ||| FLEEEEING.
  2318 | D:4      | 2318 ||| FLEEEEING.
  2319 | D:4      | 2319 ||| FLEEEEING.
  2320 | D:4      | 2320 ||| FLEEEEING.
  2323 | D:4      | 2323 ||| FLEEEEING.
  2336 | D:4      | Killed Edmund
  2337 | D:4      | Reached XP level 6. HP: 9/34 MP: 8/8
  2885 | D:4      | 2885 ||| UPGRADING to +0 ring mail of Lugonu's
                  | Felicitations {rC+ Stlth+}.
  2895 | D:4      | 2895 ||| DROPPING +0 leather armour.
  2896 | D:4      | 2896 ||| UPGRADING to +2 hat.
  2901 | D:4      | 2901 ||| READING 2 scrolls of identify.
  2901 | D:4      | 2901 ||| IDENTIFYING fizzy silvery potion
  2902 | D:4      | 2902 ||| READING scroll of identify.
  2902 | D:4      | 2902 ||| IDENTIFYING emerald potion
  2903 | D:4      | 2903 ||| DROPPING potion of magic.
  2931 | D:5      | Entered Level 5 of the Dungeon
  2932 | D:5      | 2932 ||| RETREEEEATING.
  2933 | D:5      | 2933 ||| RETREEEEATING.
  2934 | D:5      | 2934 ||| RETREEEEATING.
  2935 | D:5      | 2935 ||| RETREEEEATING.
  2936 | D:5      | 2936 ||| RETREEEEATING.
  2945 | D:5      | Reached skill level 1 in Armour
  2945 | D:5      | HP: 7/35 [poisoned by a scorpion]
  2946 | D:5      | 2946 ||| DRINKING potion of heal wounds.
  2949 | D:5      | HP: 1/35 [scorpion (4)]
  2950 | D:5      | Incinerated by a bombardier beetle

Levels and vault maps discovered:
D:1:      dpeg_arrival_circle_labyrinth_a, layout_basic
D:2:      layout_rooms, serial_rivers, chequers_serial_rivers_micro_a,
          chequers_serial_rivers_room_b, chequers_serial_rivers_marsh,
          chequers_serial_rivers_room_b, chequers_serial_rivers_micro_d,
          kennysheep_pointless_box, chequers_serial_rivers_micro_e,
          kennysheep_generic_room_7, uniq_natasha
D:3:      layout_basic, mainiacjoe_overflow_24_doors, serial_shops,
          nicolae_lakefront_shop, chequers_serial_rivers_room_a
D:4:      layout_rooms, uniq_edmund
D:5:      layout_basic, nicolae_overflow_hidden_temple, uniq_grinder

Skill      XL: |  1  2  3  4  5  6 |
---------------+-------------------+-----
Ranged Weapons | 6 7 8 9 |  9.9
Dodging        | 4 |  4.2
Fighting       | 2 |  2.0
Armour         | 1 |  1.0
Stealth        | |  1.2

Action                     |  1- 3 |  4- 6 || total
---------------------------+-------+-------++-------
   Fire: Shortbow          |   112 |   148 ||   260
  Evoke: Wand              |       |     8 ||     8
    Use: Scroll            |     5 |     9 ||    14
         Potion            |     1 |     1 ||     2
 Armour: Leather armour    |    17 |    16 ||    33
         Ring mail         |       |     6 ||     6
  Dodge: Dodged            |    22 |    29 ||    51

Table legend:
 A = Non-vault XP
 B = Vault XP
 C = Vault XP percentage of total XP
 D = Non-vault monster count
 E = Vault monster count
 F = Vault count percentage of total count
                 A         B        C        D         E       F
            +---------+---------+-------+---------+---------+-------
      Total |     529 |     192 |  26.6 |      84 |       4 |   4.5
            +---------+---------+-------+---------+---------+-------
        D:1 |      61 |       0 |   0.0 |      29 |       0 |   0.0
        D:2 |     128 |      38 |  22.9 |      22 |       3 |  12.0
        D:3 |      27 |       0 |   0.0 |      16 |       0 |   0.0
        D:4 |     256 |     154 |  37.6 |      13 |       1 |   7.1
        D:5 |      57 |       0 |   0.0 |       4 |       0 |   0.0
            +---------+---------+-------+---------+---------+-------
